Map: Battle on the Boardwalk LE

Players

SamuraiFunn - Winner!

  • Race: Protoss Protoss
  • League: Platinum
  • Spawn Location: 1:00

A.I. 1 (Very Hard)

  • Race: Zerg Zerg
  • Spawn Location: 11:00

VOD

Have the link to the VOD?

Description

Time

  • Played on: Dec. 1, 2017, 8:56 p.m.
  • Length: 15:00
Show
View Real Time Build Order
Export as new Build Order

SamuraiFunn Protoss - Winner!

Build Orders:  

Get SALT Encoding   

  12  0:01  Probe  
  13  0:13  Probe  
  14  0:21  Pylon  
  14  0:25  Probe  
  15  0:38  Assimilator  
  15  0:39  Probe  
  16  0:48  Gateway  
  16  0:52  Probe  
  17  1:06  Probe  
  19  1:18  Probe  
  19  1:31  Gateway  
  19  1:36  Probe, Pylon  
  19  1:39  Assimilator  
  20  1:40  Zealot  
  22  1:49  Probe  
  23  2:04  Probe  
  24  2:17  Cybernetics Core  
  24  2:20  Zealot x2  
  28  2:23  Probe  
  29  2:35  Probe  
  30  2:39  Nexus  
  30  2:41  Pylon  
  30  2:47  Probe  
  31  3:12  Probe  
  32  3:15  Warp Gate (Chrono Boost)  
  32  3:18  Stalker x2  
  36  3:24  Probe  
  37  3:29  Pylon  
  37  3:32  Robotics Facility  
  37  3:44  Probe  
  38  3:53  Gateway, Probe  
  39  3:56  Probe  
  40  4:05  Probe  
  40  4:08  Probe  
  42  4:18  Probe  
  42  4:19  Stalker x2  
  42  4:20  Probe  
  42  4:23  Assimilator  
  48  4:27  Assimilator  
  48  4:29  Twilight Council  
  48  4:30  Observer  
  49  4:38  Probe x2  
  51  4:50  Probe x2  
  53  4:53  Observer  
  53  4:55  Pylon  
  54  5:02  Probe x2  
  56  5:11  Stalker x2  
  60  5:15  Nexus  
  60  5:16  Probe x2  
  60  5:18  Pylon  
  62  5:21  Stalker  
  64  5:40  Probe x2  
  66  5:49  Pylon  
  66  5:52  Blink (Chrono Boost)  
  66  5:55  Immortal  
  70  6:01  Robotics Facility, Stalker  
  70  6:03  Stalker  
  70  6:04  Stalker  
  74  6:23  Probe x2  
  76  6:29  Probe  
  77  6:34  Immortal  
  77  6:35  Probe x2  
  83  6:40  Stalker x3  
  89  6:47  Probe, Pylon  
  89  6:48  Forge  
  89  6:49  Forge  
  90  6:55  Probe  
  90  6:57  Probe  
  92  7:03  Gateway x2  
  92  7:06  Probe  
  92  7:07  Probe  
  94  7:10  Stalker x3  
  100  7:17  Immortal  
  104  7:24  Immortal  
  104  7:27  Protoss Ground Weapons Level 1  
  104  7:29  Protoss Ground Armor Level 1  
  108  7:36  Probe  
  109  7:48  Pylon  
  109  7:50  Pylon  
  109  8:03  Pylon  
  109  8:06  Probe x3, Pylon  
  109  8:10  Pylon, Immortal x2  
  120  8:12  Stalker  
  120  8:13  Stalker  
  120  8:16  Observer  
  120  8:18  Probe  
  125  8:21  Probe  
  125  8:23  Probe  
  127  8:27  Stalker x3  
  133  8:43  Probe x3  
  136  8:56  Immortal x2  
  136  8:59  Stalker x2  
  148  9:03  Pylon  
  148  9:05  Pylon  
  148  9:13  Pylon  
  148  9:14  Assimilator  
  148  9:17  Probe, Pylon  
  148  9:18  Assimilator  
  148  9:21  Probe, Pylon  
  148  9:24  Pylon, Protoss Shields Level 1 (Chrono Boost)  
  150  9:26  Protoss Ground Weapons Level 2 (Chrono Boost)  
  150  9:35  Immortal x2, Stalker x3  
  150  9:37  Stalker  
  166  9:54  Stalker  
  168  10:07  Gateway  
  168  10:08  Gateway  
  168  10:10  Gateway  
  168  10:17  Robotics Bay, Immortal  
  176  10:21  Immortal  
  176  10:32  Robotics Facility  
  176  10:33  Robotics Facility  
  176  10:45  Stalker x4  
  176  10:46  Stalker  
  186  10:57  Warp Prism  
  188  11:10  Nexus  
  188  11:14  Assimilator  
  188  11:19  Assimilator  
  188  11:24  Immortal  
  192  11:39  Pylon  
  192  11:41  Pylon  
  192  11:46  Colossus  
  197  12:09  Colossus  
  129  12:39  Stalker x4  
  129  12:40  Stalker x4  
  137  12:56  Colossus x3  
  143  13:03  Immortal  
  143  13:04  Stalker  
  143  13:05  Stalker x7  
  141  13:41  Stalker x3  
  141  13:42  Immortal, Stalker x5  
  159  13:50  Immortal  
  161  14:09  Stalker x5  
  171  14:10  Stalker x3  
Show
View Real Time Build Order
Export as new Build Order

A.I. 1 (Very Hard) Zerg 

Build Orders: Pool First 

Get SALT Encoding   

  12  0:00  Drone  
  13  0:12  Overlord  
  13  0:16  Drone  
  14  0:30  Drone x2  
  14  0:34  Drone  
  17  0:47  Spawning Pool  
  17  0:49  Drone  
  17  1:11  Hatchery  
  17  1:16  Drone  
  17  1:18  Extractor  
  17  1:21  Drone  
  17  1:25  Extractor  
  16  1:27  Drone  
  16  1:32  Drone  
  18  1:38  Drone  
  19  1:49  Overlord  
  19  1:59  Queen  
  21  2:05  Zergling x2  
  22  2:10  Drone  
  23  2:25  Queen  
  25  2:32  Drone  
  25  2:36  Drone  
  27  2:40  Drone  
  28  2:45  Drone  
  29  2:59  Roach Warren  
  29  3:01  Drone  
  29  3:05  Drone  
  30  3:07  Zergling x2  
  30  3:11  Zergling x2  
  32  3:17  Overlord  
  32  3:20  Drone  
  32  3:23  Drone  
  34  3:35  Zergling x2  
  34  3:39  Roach x2  
  38  3:42  Roach x2  
  42  3:49  Lair  
  42  3:54  Overlord  
  42  3:59  Overlord  
  42  4:02  Zergling x2  
  43  4:04  Zergling x2  
  44  4:12  Zergling x2, Drone x2  
  44  4:14  Drone  
  48  4:17  Drone  
  48  4:22  Drone  
  50  4:24  Overlord  
  50  4:29  Roach  
  52  4:32  Roach  
  52  4:34  Zergling x2  
  52  4:37  Roach  
  56  4:40  Roach  
  56  4:44  Overlord  
  58  4:50  Drone  
  58  4:51  Hydralisk Den  
  58  4:54  Drone  
  58  4:56  Drone  
  58  4:58  Roach  
  62  5:01  Roach  
  64  5:07  Drone  
  64  5:09  Drone  
  64  5:13  Overlord  
  66  5:15  Drone  
  66  5:18  Drone  
  66  5:19  Ravager  
  66  5:21  Ravager  
  70  5:25  Hydralisk  
  70  5:26  Drone, Roach  
  75  5:31  Hydralisk, Drone  
  78  5:36  Overlord  
  78  5:40  Hydralisk  
  80  5:47  Hydralisk  
  82  5:51  Drone  
  82  5:54  Hydralisk  
  82  5:55  Drone, Overlord  
  86  5:58  Drone  
  86  6:03  Drone  
  87  6:09  Drone  
  88  6:14  Drone  
  89  6:19  Overlord  
  89  6:22  Evolution Chamber  
  89  6:23  Hydralisk, Drone  
  89  6:24  Zergling x2  
  92  6:25  Drone, Infestation Pit  
  92  6:29  Metabolic Boost  
  92  6:30  Hydralisk  
  94  6:37  Roach  
  96  6:41  Overlord  
  96  6:45  Extractor  
  95  6:47  Drone  
  95  6:49  Zerg Missile Weapons Level 1  
  95  6:50  Extractor  
  95  6:51  Hydralisk  
  95  6:52  Zergling x6  
  100  6:58  Zergling x2  
  100  7:00  Evolution Chamber  
  100  7:02  Overlord  
  100  7:06  Evolution Chamber  
  99  7:09  Drone  
  99  7:10  Spine Crawler  
  99  7:12  Overseer  
  99  7:13  Drone  
  99  7:15  Spine Crawler  
  99  7:20  Infestor  
  99  7:21  Drone, Roach  
  104  7:24  Drone  
  104  7:25  Zerg Ground Armor Level 1  
  105  7:31  Zerg Melee Weapons Level 1, Drone  
  105  7:35  Drone  
  107  7:42  Drone  
  108  7:45  Drone, Hatchery  
  108  7:49  Drone, Infestor  
  108  7:50  Lurker Den, Roach  
  112  7:53  Hydralisk  
  112  7:56  Overlord  
  114  8:01  Spore Crawler  
  114  8:04  Drone, Spore Crawler  
  113  8:07  Drone  
  114  8:15  Drone  
  114  8:17  Hydralisk x2, Overlord  
  114  8:18  Drone  
  120  8:26  Drone  
  121  8:28  Hydralisk  
  123  8:37  Overlord  
  123  8:39  Hive  
  123  8:57  Queen  
  123  8:58  Drone x3  
  123  8:59  Drone x3  
  123  9:00  Drone, Spine Crawler  
  123  9:01  Drone  
  132  9:06  Zerg Missile Weapons Level 2, Extractor  
  132  9:07  Drone  
  132  9:11  Drone, Glial Reconstitution, Overlord  
  132  9:15  Drone x2  
  132  9:16  Drone  
  136  9:18  Drone, Lurker  
  136  9:22  Drone  
  136  9:23  Drone  
  140  9:25  Lurker  
  140  9:29  Drone  
  142  9:32  Overlord  
  142  9:34  Drone  
  142  9:37  Zerg Melee Weapons Level 2  
  143  9:39  Drone  
  143  9:43  Hydralisk x2  
  143  9:44  Drone  
  149  9:50  Viper, Overlord  
  149  9:51  Extractor  
  149  9:52  Drone  
  152  9:55  Viper  
  155  10:03  Spine Crawler  
  155  10:04  Drone  
  155  10:13  Queen, Drone, Overlord  
  155  10:14  Drone x2  
  159  10:16  Hatchery  
  159  10:17  Drone  
  160  10:33  Zerg Ground Armor Level 2  
  160  10:34  Spine Crawler  
  159  10:36  Spore Crawler  
  158  10:44  Overseer  
  158  10:52  Overseer  
  158  11:06  Spine Crawler  
  158  11:07  Spore Crawler  
  158  11:09  Spine Crawler  
  158  11:11  Spine Crawler  
  154  11:13  Spine Crawler  
  154  11:16  Ravager  
  154  11:17  Zergling x2, Roach  
  157  11:18  Spine Crawler  
  157  11:23  Zergling x2, Roach, Ravager  
  160  11:26  Zerg Missile Weapons Level 3  
  160  11:29  Drone x3, Pneumatized Carapace  
  160  11:30  Drone x2  
  160  11:31  Drone x4, Overlord  
  160  11:32  Drone x2  
  171  11:38  Drone, Roach, Extractor  
  173  11:40  Roach, Extractor  
  173  11:41  Drone x2, Hatchery  
  173  11:42  Roach  
  173  11:43  Roach  
  173  11:45  Roach  
  173  11:46  Roach  
  183  11:51  Hydralisk x3  
  183  11:52  Hydralisk x4  
  183  11:53  Hydralisk  
  199  11:55  Spore Crawler  
  199  12:00  Spore Crawler  
  197  12:04  Overlord  
  197  12:06  Drone  
  197  12:07  Drone  
  186  12:08  Drone  
  186  12:10  Zergling x2  
  186  12:11  Zergling x2  
  186  12:13  Zergling x2  
  186  12:14  Zergling x2  
  158  12:16  Zergling x2  
  158  12:17  Zergling x2  
  158  12:19  Zergling x4  
  158  12:21  Zergling x2  
  129  12:24  Roach  
  129  12:25  Roach  
  129  12:28  Roach  
  106  12:32  Hydralisk  
  106  12:35  Hydralisk  
  90  12:38  Zergling x2  
  90  12:40  Hydralisk  
  90  12:43  Hydralisk  
  90  12:44  Drone  
  90  12:49  Roach  
  77  13:03  Zergling x4, Roach  
  64  13:10  Hatchery  
  46  13:20  Roach  
  46  13:22  Zergling x2  
  46  13:25  Zergling x2  
  46  13:26  Hatchery  
  41  13:30  Roach  
  36  13:35  Roach  
  34  13:44  Roach  
  7  14:46  Drone x2  
  7  14:47  Drone  
Tags
 
Add a new tag
Caveats
  • Supply blocks, unpowered buildings, or Contaminate may cause inaccurate times.
  • Supply counts are checked every 10 seconds.